 Dungeon Crawl Stone Soup version 0.29.1 (webtiles) character file.

Game seed: 308594511396039826

14739 qw the Severer (level 11, -5/92 (97) HPs)
             Began as a Minotaur Berserker on Sept 13, 2022.
             Was a Priest of Trog.
             Slain by a hell hound (6 damage)
             ... on level 3 of the Lair of Beasts.
             The game lasted 00:04:10 (14504 turns).

qw the Severer (Minotaur Berserker)                Turns: 14504, Time: 00:04:11

HP:   -5/92 (97)    AC: 24    Str: 26    XL:     11   Next: 92%
MP:   10/10         EV:  7    Int:  4    God:    Trog [***...]
Gold: 809           SH: 18    Dex: 10    Spells: 10/10 levels left

rFire   . . .      SeeInvis .   o - +0 broad axe (drain)
rCold   + . .      Faith    .   e - +2 kite shield {AC+3}
rNeg    . . .      Spirit   .   h - +0 plate armour
rPois   .          Reflect  +   (helmet restricted)
rElec   .          Harm     .   g - +0 cloak {rCorr}
rCorr   +          Rampage  .   j - +2 pair of gloves
Will    .....                   i - +1 pair of boots
Stlth   ..........              p - amulet of reflection
HPRegen 0.25/turn               k - +4 ring of slaying {mikee}
MPRegen 0.12/turn               q - ring of protection from cold

@: about to teleport, on berserk cooldown, slowed, drained, very slow
A: horns 2, retaliatory headbutt
a: Renounce Religion, Berserk, Trog's Hand


You were on level 3 of the Lair of Beasts.
You worshipped Trog.
Trog was most pleased with you.
You visited 2 branches of the dungeon, and saw 13 of its levels.

You collected 995 gold pieces.
You spent 186 gold pieces at shops.


Innate Abilities, Weirdness & Mutations

You have a pair of horns on your head.
You reflexively headbutt those who attack you in melee.


   Skills:
 - Level 9.0 Fighting
 + Level 16.5 Axes
 - Level 2.4 Throwing
 - Level 9.1 Armour
 - Level 3.2 Dodging
 - Level 10.5 Shields


You had 10 spell levels left.
You didn't know any spells.
Your spell library was empty.

Inventory:

Hand Weapons
 m - a +0 morningstar
 o - a +0 broad axe of draining (weapon)
Armour
 e - a +2 kite shield of protection (worn)
 g - a +0 cloak of preservation (worn)
 h - a +0 plate armour (worn)
 i - a +1 pair of boots (worn)
 j - a +2 pair of gloves (worn)
Jewellery
 k - a +4 ring of slaying (left hand) {mikee}
 p - an amulet of reflection (around neck)
 q - a ring of protection from cold (right hand)
Scrolls
 a - 3 scrolls of identify
 l - 5 scrolls of teleportation
Potions
 b - a potion of resistance
 c - 8 potions of curing
 d - 3 potions of heal wounds
 f - 2 potions of haste
 n - 3 potions of mutation

Dungeon Overview and Level Annotations

Branches:
Dungeon (10/15)            Temple (0/1) D:5            Lair (3/5) D:10
 Shoals (0/4) Lair:3        Snake (0/4) Lair:3          Orc (0/2) D:9

Altars:
Ashenzari
Cheibriados
Gozag
Nemelex Xobeh
Sif Muna
Trog
Uskayaw
Wu Jian
The Shining One

Shops:
D:9 ([

Annotations:
D:10 3 runed translucent doors, qw's ghost, journeyman MiBe
Lair:1 1 transporter, qw's ghost, journeyman TrCA


Message History

The ten-headed hydra bites you. The manticore barely misses you.
You furiously retaliate!
You headbutt the manticore! The manticore claws you.
The manticore claws you but does no damage.
The basilisk bites your polar bear!
14504 ||| READING 6 scrolls of teleportation.
As you read the scroll of teleportation, it crumbles to dust.
You feel strangely unstable. You block the hell hound's attack.
The wyvern bites your polar bear but does no damage.
The hell rat bites you but does no damage.
The hell hound bites you but does no damage.
Your polar bear barely misses the wyvern.
Your polar bear closely misses the wyvern. x2
The ten-headed hydra barely misses you. You furiously retaliate!
You headbutt the ten-headed hydra!
The ten-headed hydra bites you but does no damage. x2
The ten-headed hydra barely misses you.
You block the ten-headed hydra's attack.
The ten-headed hydra bites you. The ten-headed hydra bites you!
You block the ten-headed hydra's attack.
The ten-headed hydra bites you but does no damage.
The ten-headed hydra completely misses you.
A rime drake comes into view.
The wyvern bites your polar bear!
The manticore bites you but does no damage.
The manticore claws you but does no damage.
The manticore claws you. The basilisk bites your polar bear!
A basilisk comes into view.
You block the hell rat's attack.
Your polar bear bites the basilisk.
Your polar bear claws the basilisk but does no damage.
Your polar bear closely misses the basilisk.
The ten-headed hydra bites you but does no damage. x3
The ten-headed hydra barely misses you.
The ten-headed hydra bites you but does no damage. x2
You block the ten-headed hydra's attack.
The ten-headed hydra bites you but does no damage.
The ten-headed hydra barely misses you.
The ten-headed hydra bites you but does no damage.
The hell hound bites you.
You die...

........#
.......P##..P.....P.....
......####..............
........##...P...>..P...
##'...####............P.
##.#### #...P........P.
#..# #.......hlP....
#..# #....)))rl.....
#..#### #.%.@hkkrk.k
....#.#######..lDHr..#l#
.....###........r.k...#
....)..#.............#.#
...................#...+
....###.#..........#...#
.#..# ####..P####### ###
.###. ##### . #


You could see a ten-headed hydra (drained), a manticore, 2 basilisks, 5 rime
drakes, a hell hound, 2 wyverns, 4 hell rats and a friendly polar bear
(summoned, berserk).

Vanquished Creatures
  A hydra (Lair:2)
  Pikel (D:4)
  A deep elf pyromancer (D:7)
  6 cane toads
  A black mamba (Lair:3)
  A rime drake (Lair:2)
  2 komodo dragons
  10 blink frogs
  5 wyverns
  A shadow (D:10)
  2 basilisks (Lair:3)
  A steam dragon (D:10)
  15 yaks
  Menkaure (D:4)
  Edmund (D:4)
  2 nagas (Lair:3)
  2 acid dragons
  6 water moccasins
  2 orc warriors
  An ogre (D:5)
  3 wolves (Lair:2)
  8 centaurs
  4 lemures (D:4)
  A kobold brigand (D:10)
  3 necrophages
  A gnoll sergeant (D:7)
  8 bullfrogs
  6 scorpions
  8 wights
  5 killer bees (D:9)
  An electric eel (Lair:1)
  4 hounds
  2 jellies (D:4)
  4 orc priests
  A gnoll bouda (D:6)
  An iguana (D:5)
  Ijyb (D:3)
  5 orc wizards
  3 hell rats (Lair:3)
  9 gnolls
  9 adders
  A white imp (D:6)
  2 ufetubi
  2 worms
  A dart slug (D:1)
  23 orcs
  13 ball pythons
  7 endoplasms
  7 goblins
  5 hobgoblins
  4 jackals
  7 quokkas
  10 bats
  2 frilled lizards
  9 kobolds
  8 rats
250 creatures vanquished.

Vanquished Creatures (others)
  3 fungi
  22 plants
25 creatures vanquished.

Grand Total: 275 creatures vanquished

Notes
Turn   | Place    | Note
-------+----------+-------------------------------------------
     0 | D:1      | qw the Minotaur Berserker began the quest for the Orb.
     0 | D:1      | Reached XP level 1. HP: 19/19 MP: 0/0
     0 | D:1      | 0 ||| qw: Version: 0.1-a-119-g272c26d
     0 | D:1      | 0 ||| qw: Game counter: 11073
     0 | D:1      | 0 ||| qw: Always use a shield: true
     0 | D:1      | 0 ||| qw: Do Orc after D:15 true
     0 | D:1      | 0 ||| qw: Do second Lair branch before Depths: true
     0 | D:1      | 0 ||| qw: Lair rune preference: random
     0 | D:1      | 0 ||| qw: Plans: Normal
     0 | D:1      | 0 ||| PLANNING D:1-11
   152 | D:1      | 152 ||| Stepping ~*~*~tactically~*~*~ (hiding).
   254 | D:1      | 254 ||| Stepping ~*~*~tactically~*~*~ (hiding).
   356 | D:1      | 356 ||| Stepping ~*~*~tactically~*~*~ (hiding).
   458 | D:1      | 458 ||| Stepping ~*~*~tactically~*~*~ (hiding).
   560 | D:1      | 560 ||| Stepping ~*~*~tactically~*~*~ (hiding).
   662 | D:1      | 662 ||| Stepping ~*~*~tactically~*~*~ (hiding).
   664 | D:1      | 664 ||| Stepping ~*~*~tactically~*~*~ (hiding).
   667 | D:1      | 667 ||| Stepping ~*~*~tactically~*~*~ (hiding).
   676 | D:1      | Reached skill level 4 in Axes
   725 | D:1      | Found a faded altar of an unknown god.
   971 | D:1      | Reached XP level 2. HP: 26/26 MP: 1/1
  1010 | D:1      | 1010 ||| Stepping ~*~*~tactically~*~*~ (stealth).
  1013 | D:1      | 1013 ||| Stepping ~*~*~tactically~*~*~ (stealth).
  1032 | D:1      | 1032 ||| Stepping ~*~*~tactically~*~*~ (stealth).
  1601 | D:1      | Reached skill level 5 in Axes
  1855 | D:1      | 1855 ||| UPGRADING to +0 pair of gloves.
  1970 | D:2      | 1970 ||| STAIRDANCE
  2094 | D:2      | Reached XP level 3. HP: 31/31 MP: 2/2
  2165 | D:2      | 2165 ||| INVOKING Berserk.
  2166 | D:2      | 2166 ||| INVOKING Berserk.
  2654 | D:2      | 2654 ||| DROPPING +0 club.
  2749 | D:2      | Reached ** piety under Trog
  3080 | D:2      | 3080 ||| UPGRADING to +0 cloak of preservation.
  3085 | D:2      | 3085 ||| UPGRADING to +1 pair of gloves.
  3095 | D:2      | 3095 ||| DROPPING +0 pair of gloves.
  3096 | D:2      | 3096 ||| READING 5 scrolls labelled IDAWNUCH EHIMP.
  3097 | D:2      | 3097 ||| READING scroll labelled GUDIRUI MENO.
  3098 | D:2      | 3098 ||| READING 3 scrolls labelled SIVULLOYKU.
  3103 | D:2      | 3103 ||| DRINKING 2 metallic red potions.
  3104 | D:2      | 3104 ||| READING 4 scrolls of identify.
  3104 | D:2      | 3104 ||| IDENTIFYING viscous golden potion
  3105 | D:2      | 3105 ||| READING 3 scrolls of identify.
  3105 | D:2      | 3105 ||| IDENTIFYING glowing blue potion
  3106 | D:2      | 3106 ||| READING 2 scrolls of identify.
  3106 | D:2      | 3106 ||| IDENTIFYING bubbling amethyst potion
  3107 | D:2      | 3107 ||| DROPPING potion of invisibility.
  3108 | D:2      | 3108 ||| DROPPING potion of degeneration.
  3195 | D:3      | Reached skill level 6 in Axes
  3195 | D:3      | Reached XP level 4. HP: 39/39 MP: 3/3
  3196 | D:3      | 3196 ||| STAIRDANCE
  3202 | D:3      | 3202 ||| STAIRDANCE
  3386 | D:3      | Noticed Ijyb
  3390 | D:3      | 3390 ||| INVOKING Berserk.
  3400 | D:3      | Killed Ijyb
  3506 | D:3      | Found an opulent altar of Gozag.
  3613 | D:3      | 3613 ||| Stepping ~*~*~tactically~*~*~ (hiding).
  3614 | D:3      | 3614 ||| Stepping ~*~*~tactically~*~*~ (hiding).
  3617 | D:3      | 3617 ||| Stepping ~*~*~tactically~*~*~ (stealth).
  3617 | D:3      | Noticed a centaur
  3618 | D:3      | 3618 ||| INVOKING Berserk.
  3622 | D:3      | Reached skill level 7 in Axes
  3622 | D:3      | Reached XP level 5. HP: 45/45 MP: 4/4
  3633 | D:3      | HP: 11/46 [quokka (1)]
  3634 | D:3      | 3634 ||| READING 3 scrolls of teleportation.
  3635 | D:3      | HP: 4/46 [centaur (2)]
  3669 | D:3      | 3669 ||| FLEEEEING.
  3670 | D:3      | 3670 ||| FLEEEEING.
  3671 | D:3      | 3671 ||| FLEEEEING.
  3672 | D:3      | 3672 ||| STAIRDANCE
  3915 | D:2      | 3915 ||| UPGRADING to +0 leather armour.
  3925 | D:2      | 3925 ||| DROPPING +0 animal skin.
  3926 | D:2      | 3926 ||| READING scroll labelled URES SEYG XILIU.
  4027 | D:2      | 4027 ||| READING 4 scrolls of identify.
  4027 | D:2      | 4027 ||| IDENTIFYING yellow potion
  4028 | D:2      | 4028 ||| READING 3 scrolls of identify.
  4028 | D:2      | 4028 ||| IDENTIFYING green potion
  4029 | D:2      | 4029 ||| READING 2 scrolls of identify.
  4029 | D:2      | 4029 ||| IDENTIFYING glowing dark potion
  4030 | D:2      | 4030 ||| DROPPING potion of brilliance.
  4044 | D:3      | Killed a centaur
  4129 | D:3      | 4129 ||| DROPPING +0 whip.
  4330 | D:4      | 4330 ||| STAIRDANCE
  4358 | D:4      | 4358 ||| STAIRDANCE
  4365 | D:3      | Reached XP level 6. HP: 48/56 MP: 5/5
  4449 | D:4      | 4449 ||| Stepping ~*~*~tactically~*~*~ (stealth).
  4459 | D:4      | Reached skill level 8 in Axes
  4475 | D:4      | 4475 ||| Stepping ~*~*~tactically~*~*~ (stealth).
  4522 | D:4      | Noticed Pikel
  4526 | D:4      | 4526 ||| INVOKING Berserk.
  4538 | D:4      | Killed Pikel
  4539 | D:4      | Reached skill level 10 in Axes
  4539 | D:4      | Reached XP level 7. HP: 61/61 MP: 6/6
  4621 | D:4      | Found a hide-covered altar of Uskayaw.
  4628 | D:4      | Noticed Menkaure
  4629 | D:4      | 4629 ||| Stepping ~*~*~tactically~*~*~ (hiding).
  4635 | D:4      | 4635 ||| INVOKING Berserk.
  4637 | D:4      | Killed Menkaure
  4643 | D:4      | 4643 ||| FLEEEEING.
  4662 | D:4      | 4662 ||| FLEEEEING.
  4664 | D:4      | 4664 ||| STAIRDANCE
  4766 | D:3      | 4766 ||| UPGRADING to +0 ring mail.
  4776 | D:3      | 4776 ||| DROPPING +0 leather armour.
  4777 | D:3      | 4777 ||| READING scroll labelled SAOSUTEONEU.
  4778 | D:3      | 4778 ||| DRINKING 2 orange potions.
  4883 | D:3      | 4883 ||| DROPPING potion of berserk rage.
  4910 | D:4      | Reached XP level 8. HP: 69/69 MP: 7/7
  4914 | D:4      | Found a snail-covered altar of Cheibriados.
  4914 | D:4      | Found a bloodstained altar of Trog.
  4915 | D:4      | 4915 ||| READING 3 scrolls of teleportation.
  5011 | D:4      | 5011 ||| INVOKING Berserk.
  5112 | D:4      | 5112 ||| FLEEEEING.
  5113 | D:4      | 5113 ||| FLEEEEING.
  5114 | D:4      | 5114 ||| FLEEEEING.
  5115 | D:4      | 5115 ||| STAIRDANCE
  5154 | D:3      | 5154 ||| READING scroll labelled DIUKEJ RAUCK.
  5157 | D:4      | 5157 ||| INVOKING Berserk.
  5159 | D:4      | Reached skill level 6 in Fighting
  5159 | D:4      | 5159 ||| STAIRDANCE
  5287 | D:4      | 5287 ||| Stepping ~*~*~tactically~*~*~ (stealth).
  5310 | D:4      | 5310 ||| INVOKING Berserk.
  5312 | D:4      | Reached skill level 11 in Axes
  5316 | D:4      | Reached skill level 3 in Armour
  5635 | D:4      | 5635 ||| Stepping ~*~*~tactically~*~*~ (stealth).
  5677 | D:4      | Noticed Edmund
  5678 | D:4      | 5678 ||| Stepping ~*~*~tactically~*~*~ (stealth).
  5679 | D:4      | 5679 ||| Stepping ~*~*~tactically~*~*~ (stealth).
  5682 | D:4      | 5682 ||| Stepping ~*~*~tactically~*~*~ (stealth).
  5685 | D:4      | 5685 ||| INVOKING Berserk.
  5693 | D:4      | Killed Edmund
  5803 | D:4      | 5803 ||| DROPPING +2 mace of protection.
  5809 | D:4      | 5809 ||| UPGRADING to +0 chain mail.
  5819 | D:4      | 5819 ||| DROPPING +0 ring mail.
  5820 | D:4      | 5820 ||| READING scroll labelled XAUTIC VATH.
  5838 | D:5      | Entered Level 5 of the Dungeon
  5973 | D:5      | Found a staircase to the Ecumenical Temple.
  6025 | D:5      | Reached skill level 12 in Axes
  6111 | D:5      | 6111 ||| INVOKING Berserk.
  6282 | D:5      | Found a glowing golden altar of the Shining One.
  6608 | D:5      | 6608 ||| DROPPING orb of energy.
  6609 | D:5      | 6609 ||| UPGRADING to +4 ring of slaying {mikee}.
  6610 | D:5      | 6610 ||| READING 2 scrolls labelled PYMAURY DIACA.
  6611 | D:5      | 6611 ||| DROPPING scroll of vulnerability.
  6764 | D:6      | Reached XP level 9. HP: 78/79 MP: 8/8
  6768 | D:6      | 6768 ||| SWAPPING to +2 war axe.
  6769 | D:6      | 6769 ||| DROPPING +0 hand axe.
  6784 | D:6      | 6784 ||| Stepping ~*~*~tactically~*~*~ (hiding).
  7065 | D:6      | 7065 ||| Stepping ~*~*~tactically~*~*~ (stealth).
  7072 | D:6      | Reached skill level 13 in Axes
  7080 | D:6      | 7080 ||| INVOKING Berserk.
  7300 | D:6      | Found a sparkling altar of Nemelex Xobeh.
  7397 | D:6      | 7397 ||| Stepping ~*~*~tactically~*~*~ (hiding).
  7402 | D:6      | Reached *** piety under Trog
  7412 | D:6      | 7412 ||| Stepping ~*~*~tactically~*~*~ (stealth).
  7416 | D:6      | 7416 ||| INVOKING Berserk.
  7429 | D:6      | Reached skill level 14 in Axes
  7711 | D:6      | 7711 ||| READING scroll labelled WOSULETHEM.
  7712 | D:6      | 7712 ||| READING scroll labelled WEOVAM JULAM.
  7713 | D:6      | 7713 ||| READING 5 scrolls of identify.
  7713 | D:6      | 7713 ||| IDENTIFYING bubbling clear potion
  7714 | D:6      | 7714 ||| DROPPING potion of lignification.
  7828 | D:7      | Reached skill level 6 in Armour
  7829 | D:7      | 7829 ||| INVOKING Berserk.
  8025 | D:7      | 8025 ||| Stepping ~*~*~tactically~*~*~ (hiding).
  8026 | D:7      | 8026 ||| Stepping ~*~*~tactically~*~*~ (hiding).
  8032 | D:7      | Reached skill level 3 in Dodging
  8196 | D:7      | 8196 ||| Stepping ~*~*~tactically~*~*~ (hiding).
  8236 | D:7      | 8236 ||| Stepping ~*~*~tactically~*~*~ (stealth).
  8314 | D:7      | Reached XP level 10. HP: 52/88 MP: 9/9
  8508 | D:7      | Noticed a deep elf pyromancer
  8516 | D:7      | Killed a deep elf pyromancer
  8644 | D:7      | 8644 ||| READING 5 scrolls of identify.
  8644 | D:7      | 8644 ||| IDENTIFYING bubbling coppery potion
  8645 | D:7      | 8645 ||| READING 4 scrolls of identify.
  8645 | D:7      | 8645 ||| IDENTIFYING amethyst potion
  8646 | D:7      | 8646 ||| DROPPING potion of magic.
  8668 | D:8      | 8668 ||| Stepping ~*~*~tactically~*~*~ (hiding).
  8732 | D:8      | 8732 ||| Stepping ~*~*~tactically~*~*~ (hiding).
  8800 | D:8      | 8800 ||| Stepping ~*~*~tactically~*~*~ (stealth).
  8801 | D:8      | 8801 ||| Stepping ~*~*~tactically~*~*~ (stealth).
  8822 | D:8      | 8822 ||| Stepping ~*~*~tactically~*~*~ (hiding).
  8831 | D:8      | 8831 ||| Stepping ~*~*~tactically~*~*~ (hiding).
  8850 | D:8      | 8850 ||| Stepping ~*~*~tactically~*~*~ (stealth).
  8925 | D:8      | Reached skill level 15 in Axes
  8976 | D:8      | 8976 ||| Stepping ~*~*~tactically~*~*~ (hiding).
  8977 | D:8      | 8977 ||| Stepping ~*~*~tactically~*~*~ (hiding).
  8984 | D:8      | 8984 ||| DRINKING 4 potions of curing.
  8984 | D:8      | 8984 ||| (to cure confusion)
  9023 | D:8      | Noticed a manticore
  9040 | D:8      | 9040 ||| DROPPING +2 flail of protection.
  9507 | D:8      | 9507 ||| Stepping ~*~*~tactically~*~*~ (stealth).
  9511 | D:8      | 9511 ||| Stepping ~*~*~tactically~*~*~ (stealth).
  9518 | D:8      | 9518 ||| INVOKING Berserk.
  9668 | D:8      | 9668 ||| UPGRADING to +0 plate armour.
  9678 | D:8      | 9678 ||| DROPPING +0 chain mail.
  9679 | D:8      | 9679 ||| UPGRADING to +6 ring of intelligence.
  9705 | D:9      | Found a broken altar of Ashenzari.
  9721 | D:9      | Found an ornate altar of the Wu Jian Council.
 10050 | D:9      | 10050 ||| Stepping ~*~*~tactically~*~*~ (stealth).
 10051 | D:9      | 10051 ||| Stepping ~*~*~tactically~*~*~ (stealth).
 10133 | D:9      | Found a shimmering blue altar of Sif Muna.
 10141 | D:9      | Found Titobiegyr's Armour Emporium.
 10142 | D:9      | Found a staircase to the Orcish Mines.
 10146 | D:9      | 10146 ||| Stepping ~*~*~tactically~*~*~ (stealth).
 10150 | D:9      | 10150 ||| INVOKING Berserk.
 10155 | D:9      | Found Codaig's Weapon Emporium.
 10294 | D:9      | 10294 ||| SHOPLISTING +0 cloak of the Gate {rF++ rC++ rN+}
                  | (659 gold, have 591).
 10294 | D:9      | 10294 ||| BUYING +0 pair of boots (58 gold).
 10294 | D:9      | Bought a +0 pair of boots for 58 gold pieces
 10319 | D:9      | 10319 ||| BUYING +0 broad axe of draining (128 gold).
 10319 | D:9      | Bought a +0 broad axe of draining for 128 gold pieces
 10319 | D:9      | 10319 ||| SWAPPING to +0 broad axe of draining.
 10320 | D:9      | 10320 ||| DROPPING +2 war axe.
 10420 | D:9      | Reached skill level 9 in Fighting
 10506 | D:9      | 10506 ||| FLEEEEING.
 10507 | D:9      | 10507 ||| FLEEEEING.
 10511 | D:9      | 10511 ||| STAIRDANCE
 10627 | D:8      | 10627 ||| UPGRADING to +0 pair of boots.
 10632 | D:8      | 10632 ||| UPGRADING to ring of protection from cold.
 10634 | D:8      | 10634 ||| DROPPING +6 ring of intelligence.
 10635 | D:8      | 10635 ||| READING 4 scrolls of identify.
 10635 | D:8      | 10635 ||| IDENTIFYING fuming emerald potion
 10636 | D:8      | 10636 ||| DROPPING potion of flight.
 10812 | D:10     | Entered Level 10 of the Dungeon
 10853 | D:10     | 10853 ||| Stepping ~*~*~tactically~*~*~ (cloud).
 10863 | D:10     | 10863 ||| Stepping ~*~*~tactically~*~*~ (cloud).
 10870 | D:10     | 10870 ||| Stepping ~*~*~tactically~*~*~ (cloud).
 10872 | D:10     | 10872 ||| INVOKING Berserk.
 11022 | D:10     | Found a staircase to the Lair.
 11071 | D:10     | 11071 ||| Stepping ~*~*~tactically~*~*~ (stealth).
 11075 | D:10     | 11075 ||| Stepping ~*~*~tactically~*~*~ (stealth).
 11076 | D:10     | Reached **** piety under Trog
 11107 | D:10     | 11107 ||| FLEEEEING.
 11112 | D:10     | 11112 ||| STAIRDANCE
 11189 | D:9      | 11189 ||| UPGRADING to +2 kite shield of protection.
 11194 | D:9      | 11194 ||| READING 3 scrolls of identify.
 11194 | D:9      | 11194 ||| IDENTIFYING bubbling brown potion
 11195 | D:9      | 11195 ||| DROPPING potion of ambrosia.
 11295 | D:10     | Reached skill level 1 in Shields
 11306 | D:10     | Found a runed translucent gate.
 11306 | D:10     | Found a runed translucent gate.
 11306 | D:10     | Found a runed translucent gate.
 11307 | D:10     | Noticed a spectral centaur warrior
 11309 | D:10     | Noticed a spectral centaur warrior
 11311 | D:10     | Found the +3 hat of Pondering {ponderous, Will+ MP+10
                  | Int+5}
 11312 | D:10     | Noticed a spectral centaur warrior
 11312 | D:10     | Noticed qw's ghost (journeyman MiBe)
 11312 | D:10     | Noticed a spectral wolf spider
 11559 | D:10     | 11559 ||| PLANNING LAIR
 11586 | Lair:1   | Entered Level 1 of the Lair of Beasts
 11609 | Lair:1   | 11609 ||| Stepping ~*~*~tactically~*~*~ (stealth).
 11611 | Lair:1   | 11611 ||| Stepping ~*~*~tactically~*~*~ (stealth).
 11618 | Lair:1   | Reached skill level 3 in Shields
 11672 | Lair:1   | 11672 ||| READING scroll of enchant armour.
 11672 | Lair:1   | 11672 ||| ENCHANTING +1 pair of gloves.
 11718 | Lair:1   | Noticed a cane toad
 11722 | Lair:1   | 11722 ||| INVOKING Berserk.
 11724 | Lair:1   | Killed a cane toad
 11725 | Lair:1   | Reached skill level 6 in Shields
 11890 | Lair:1   | 11890 ||| INVOKING Berserk.
 11973 | Lair:1   | Found a transporter.
 11978 | Lair:1   | Noticed a cane toad
 11982 | Lair:1   | 11982 ||| INVOKING Berserk.
 11984 | Lair:1   | Killed a cane toad
 12220 | Lair:1   | Noticed a water nymph
 12220 | Lair:1   | Noticed a rust devil
 12220 | Lair:1   | Noticed a rust devil
 12221 | Lair:1   | Noticed a worldbinder
 12225 | Lair:1   | Noticed qw's ghost (journeyman TrCA)
 12226 | Lair:1   | Noticed a purple ugly thing
 12227 | Lair:1   | Noticed a hell hog
 12232 | Lair:1   | Noticed a sun demon
 12241 | Lair:1   | Found a one-way gate to the infinite horrors of the Abyss.
 12266 | Lair:1   | Reached XP level 11. HP: 97/97 MP: 10/10
 12271 | Lair:1   | 12271 ||| INVOKING Berserk.
 12458 | Lair:1   | 12458 ||| READING scroll of enchant armour.
 12458 | Lair:1   | 12458 ||| ENCHANTING +0 pair of boots.
 12557 | Lair:1   | 12557 ||| Stepping ~*~*~tactically~*~*~ (stealth).
 12558 | Lair:1   | 12558 ||| Stepping ~*~*~tactically~*~*~ (stealth).
 12559 | Lair:1   | 12559 ||| INVOKING Berserk.
 12651 | Lair:1   | 12651 ||| INVOKING Berserk.
 12903 | Lair:1   | 12903 ||| UPGRADING to amulet of reflection.
 13052 | Lair:2   | 13052 ||| INVOKING Berserk.
 13056 | Lair:2   | Reached skill level 9 in Shields
 13250 | Lair:2   | 13250 ||| Stepping ~*~*~tactically~*~*~ (stealth).
 13254 | Lair:2   | 13254 ||| Stepping ~*~*~tactically~*~*~ (stealth).
 13255 | Lair:2   | 13255 ||| INVOKING Berserk.
 13388 | Lair:2   | 13388 ||| INVOKING Berserk.
 13494 | Lair:2   | 13494 ||| Stepping ~*~*~tactically~*~*~ (stealth).
 13501 | Lair:2   | 13501 ||| INVOKING Berserk.
 13763 | Lair:2   | Noticed an eight-headed hydra
 13764 | Lair:2   | 13764 ||| INVOKING Brothers in Arms.
 13765 | Lair:2   | 13765 ||| INVOKING Brothers in Arms.
 13766 | Lair:2   | 13766 ||| INVOKING Brothers in Arms.
 13767 | Lair:2   | 13767 ||| INVOKING Brothers in Arms.
 13768 | Lair:2   | 13768 ||| INVOKING Brothers in Arms.
 13769 | Lair:2   | 13769 ||| SWAPPING to +0 morningstar.
 13770 | Lair:2   | 13770 ||| INVOKING Berserk.
 13777 | Lair:2   | Killed an eight-headed hydra
 13826 | Lair:2   | 13826 ||| SWAPPING to +0 broad axe of draining.
 14132 | Lair:3   | Found a staircase to the Snake Pit.
 14159 | Lair:3   | 14159 ||| INVOKING Berserk.
 14162 | Lair:3   | Reached skill level 16 in Axes
 14328 | Lair:3   | 14328 ||| INVOKING Berserk.
 14475 | Lair:3   | Found a staircase to the Shoals.
 14478 | Lair:3   | 14478 ||| INVOKING Berserk.
 14483 | Lair:3   | Reached skill level 9 in Armour
 14487 | Lair:3   | Noticed a six-headed hydra
 14502 | Lair:3   | 14502 ||| INVOKING Brothers in Arms.
 14503 | Lair:3   | 14503 ||| INVOKING Brothers in Arms.
 14503 | Lair:3   | HP: 21/92 [ten-headed hydra (6)]
 14504 | Lair:3   | 14504 ||| READING 6 scrolls of teleportation.
 14504 | Lair:3   | HP: 4/92 [ten-headed hydra (11)]
 14504 | Lair:3   | HP: 1/92 [manticore (3)]
 14504 | Lair:3   | Slain by a hell hound

Levels and vault maps discovered:
D:1:      dpeg_arrival_connections, layout_loops_corners,
          ebering_ecumenical_altar_rust
D:2:      minmay_inner_zag, layout_basic
D:3:      layout_rooms, nicolae_gozag_cash_rules_everything_around_me, uniq_ijyb
D:4:      layout_rooms, mainiacjoe_overflow_paths,
          mainiacjoe_overflow_large_starburst, fountainhead, uniq_pikel,
          uniq_edmund, uniq_menkaure
D:5:      layout_basic, marbit_many_paths, minmay_temple_entry_offerings
D:6:      layout_loops_ring, kennysheep_mini
D:7:      layout_cave_pools, guppyfry_early_elven_hall
D:8:      layout_loops_ring, lightli_corner_chamber
D:9:      layout_roguey, mainiacjoe_overflow_concentric_impassable,
          old_standard_altar, evilmike_ruin_ashenzari, orc_david_3
D:10:     layout_roguey, dpeg_oklobed_lair, gammafunk_ghost_necromancy
Lair:1:   layout_regular_city, gammafunk_ghost_abyssal_escape,
          infiniplex_staircase_pool, serial_bayou_shore_b
Lair:2:   layout_roguey, chequers_serial_rivers_small_a,
          infiniplex_staircase_pool_2, grunt_megastairs_2
Lair:3:   layout_roguey [special_room_mythical_zoo],
          minmay_shoals_entry_centaurs, guppyfry_snake_entry_island,
          lemuel_fruit_tree

Skill      XL: |  1  2  3  4  5  6  7  8  9 10 11 |
---------------+----------------------------------+-----
Axes           | 4 5 6 7 10 12 14 15 16 | 16.5
Fighting       | 5 7 8 9 |  9.0
Throwing       | 2 |  2.4
Armour         | 4 6 7 9 |  9.1
Dodging        | 3 |  3.2
Shields        | 7 10 | 10.5

Action                   |  1- 3 |  4- 6 |  7- 9 | 10-12 || total
-------------------------+-------+-------+-------+-------++-------
Melee: Hand axe          |   106 |    78 |   107 |       ||   291
       Headbutt          |     9 |    11 |    47 |    49 ||   116
       Unarmed           |       |    10 |       |       ||    10
       Punch             |       |       |     1 |     3 ||     4
       War axe           |       |       |    87 |    94 ||   181
       Broad axe         |       |       |       |   160 ||   160
       Morningstar       |       |       |       |     7 ||     7
Throw: Boomerang         |       |    12 |     6 |       ||    18
Invok: Berserk           |     1 |     3 |     9 |    17 ||    30
       Brothers in Arms  |       |       |       |     2 ||     2
  Use: Scroll            |     6 |     5 |     8 |     7 ||    26
       Potion            |     1 |       |     1 |     1 ||     3
Armor: Animal skin       |    19 |    11 |       |       ||    30
       Leather armour    |       |    17 |       |       ||    17
       Ring mail         |       |       |    15 |       ||    15
       Chain mail        |       |       |    48 |    16 ||    64
       Plate armour      |       |       |       |   121 ||   121
Dodge: Dodged            |    50 |    75 |    51 |    70 ||   246
Block: Kite shield       |       |       |       |   109 ||   109

Table legend:
 A = Non-vault XP
 B = Vault XP
 C = Vault XP percentage of total XP
 D = Non-vault monster count
 E = Vault monster count
 F = Vault count percentage of total count
                 A         B        C        D         E       F
            +---------+---------+-------+---------+---------+-------
      Total |   16808 |    4248 |  20.2 |     211 |      35 |  14.2
            +---------+---------+-------+---------+---------+-------
        D:1 |      39 |       0 |   0.0 |      23 |       0 |   0.0
        D:2 |      52 |       8 |  13.3 |      17 |       5 |  22.7
        D:3 |     280 |      35 |  11.1 |      23 |       1 |   4.2
        D:4 |     986 |     965 |  49.5 |      22 |       3 |  12.0
        D:5 |     329 |       2 |   0.6 |       9 |       1 |  10.0
        D:6 |    2070 |       0 |   0.0 |      27 |       0 |   0.0
        D:7 |     951 |     574 |  37.6 |      18 |       1 |   5.3
        D:8 |     771 |       0 |   0.0 |      18 |       0 |   0.0
        D:9 |     783 |     137 |  14.9 |      10 |       5 |  33.3
       D:10 |     495 |       0 |   0.0 |       7 |       0 |   0.0
     Lair:1 |    4038 |       0 |   0.0 |      17 |       0 |   0.0
     Lair:2 |    3954 |     501 |  11.2 |      12 |       4 |  25.0
     Lair:3 |    2060 |    2026 |  49.6 |       8 |      15 |  65.2
            +---------+---------+-------+---------+---------+-------
